 Dungeon Crawl Stone Soup version 0.28-a0-1038-g9c4cb8273d (webtiles) character file.

Game seed: 14100903272548327562

749 vineage the Fighter (level 7, -4/50 HPs)
             Began as a Gargoyle Fighter on Dec 8, 2021.
             Was an Initiate of Okawaru.
             Slain by Prince Ribbit (12 damage)
             ... on level 5 of the Dungeon.
             The game lasted 00:03:55 (4790 turns).

vineage the Fighter (Gargoyle Fighter)              Turns: 4790, Time: 00:03:56

Health: -4/50      AC: 12    Str: 19    XL:     7   Next: 77%
Magic:  7/7        EV: 10    Int:  9    God:    Okawaru [......]
Gold:   229        SH:  5    Dex: 11    Spells: 6/6 levels left

rFire   . . .      SeeInvis .   m - +1 demon whip (venom)
rCold   + . .      Faith    .   c - +1 buckler
rNeg    + . .      Spirit   .   b - +0 scale mail
rPois   ∞          Reflect  .   (no helmet)
rElec   +          Harm     .   (no cloak)
rCorr   .          Rampage  .   e - +0 pair of gloves
Will    +....                   (no boots)
Stlth   ..........              k - amulet of the acrobat
HPRegen 0.16/turn               f - ring of protection from cold
MPRegen 0.10/turn               g - ring of willpower

@: no status effects
A: sickness immunity, AC +4, negative energy resistance 1, electricity
resistance, torment resistance 1, petrification resistance
a: Renounce Religion


You were on level 5 of the Dungeon.
You worshipped Okawaru.
Okawaru was noncommittal.
You visited 2 branches of the dungeon, and saw 6 of its levels.

You collected 229 gold pieces.

Inventory:

Hand Weapons
 a - a +1 flail
 m - a +1 demon whip of venom (weapon)
Armour
 b - a +0 scale mail (worn)
 c - a +1 buckler (worn)
 e - a +0 pair of gloves (worn)
Jewellery
 f - a ring of protection from cold (left hand)
 g - a ring of willpower (right hand)
 k - an amulet of the acrobat (around neck)
Scrolls
 d - a scroll of teleportation {unknown}
Potions
 h - a potion of attraction {unknown}
 i - 2 potions of curing
 j - a potion of cancellation {unknown}
 l - 2 potions of heal wounds {unknown}


   Skills:
 + Level 8.4 Fighting
 - Level 2.0 Maces & Flails
 - Level 3.2 Armour
 - Level 3.3 Dodging
 - Level 1.0 Stealth
 - Level 3.2 Shields


You had 6 spell levels left.
You didn't know any spells.
Your spell library contained the following spells:

 Spells                   Type           Power      Damage    Failure   Level
 Apportation              Tloc           0%         N/A       78%         1
 Blink                    Tloc           0%         N/A       89%         2
 Passwall                 Tmut/Erth      0%         N/A       89%         2
 Lesser Beckoning         Tloc           0%         N/A       98%         3
 Portal Projectile        Hex/Tloc       0%         N/A       98%         3
 Swiftness                Air            0%         N/A       98%         3
 Leda's Liquefaction      Hex/Erth       0%         N/A       100%        4
 Alistair's Intoxication  Tmut/Pois      0%         N/A       100%        5
 Freezing Cloud           Conj/Ice/Air   0%         6-21      100%        5
 Manifold Assault         Tloc           0%         N/A       100%        5
 Polar Vortex             Ice            0%         N/A       100%        9
 Call Canine Familiar     Summ           Unusable   N/A       N/A         3
 Simulacrum               Ice/Necr       Unusable   N/A       N/A         6

Dungeon Overview and Level Annotations

Branches:
Dungeon (5/15)             Temple (1/1) D:4

Altars:
Cheibriados
Dithmenos
Elyvilon
Fedhas
Gozag
Hepliaklqana
Kikubaaqudgha
Makhleb
Nemelex Xobeh
Okawaru
Qazlal
Ru
Sif Muna
Trog
Uskayaw
Vehumet
Xom
Yredelemnul
Zin
The Shining One

Shops:
D:1 ?

Annotations:
D:5 Prince Ribbit


Innate Abilities, Weirdness & Mutations

You are immune to sickness and miasma.
Your stone body is resilient. (AC +4)
You are immune to poison.
You resist negative energy. (rN+)
You are resistant to electric shocks. (rElec)
You are resistant to unholy torment.
You are immune to petrification.


Message History

Prince Ribbit is lightly wounded.
You block Prince Ribbit's attack.
Prince Ribbit hops awkwardly around.
Prince Ribbit barely misses you.
You hit Prince Ribbit.
Prince Ribbit is moderately wounded.
Prince Ribbit hits you.
You hit Prince Ribbit.
Prince Ribbit looks as sick as possible!
Prince Ribbit is moderately wounded.
Prince Ribbit hits you. You block Prince Ribbit's attack.
You barely miss Prince Ribbit.
Prince Ribbit is heavily wounded.
You block Prince Ribbit's attack.
You miss Prince Ribbit.
Prince Ribbit is heavily wounded.
Prince Ribbit hits you!
You barely miss Prince Ribbit.
Prince Ribbit is severely wounded.
Prince Ribbit hits you! x2
You are too injured to fight recklessly!
You are too injured to fight recklessly!
You are too injured to fight recklessly!
You are too injured to fight recklessly!
You are too injured to fight recklessly!
You are too injured to fight recklessly!
You are too injured to fight recklessly!
You are too injured to fight recklessly!
You are too injured to fight recklessly!
You are too injured to fight recklessly!
You are too injured to fight recklessly!
You are too injured to fight recklessly!
You are too injured to fight recklessly!
You are too injured to fight recklessly!
You closely miss Prince Ribbit.
Prince Ribbit is severely wounded.
Prince Ribbit hits you!
* * * LOW HITPOINT WARNING * * *
You feel better. Prince Ribbit hits you!
You die...

#.#..#...####
###.####.#..##.###.. .
. ..).........###.#
.##....###...#...##.#
... .............#.###
#....###..##.........
#.#.# #..##.####.### ##
#.F###..##.####.# ..
##@.....##...##.##
#.#..####..........#
#.###.#.## ###......).#
.........#####.##.###.#
#.###.........(##.# #.#
##...########.# #.#
......## #.# #.#
####### #.# #.# #.. ...


You could see Prince Ribbit (very poisoned).

Vanquished Creatures
  The ghost of mcbry74 the Chopper, an amateur HOFi of Okawaru (D:3)
  An ogre (D:4)
  A phantom (D:5)
  A scorpion (D:5)
  4 hounds
  2 hound skeletons (D:4)
  4 gnolls (D:3)
  4 adders
  An adder skeleton (D:4)
  A dart slug (D:1)
  3 worms (D:3)
  5 orcs (D:3)
  6 ball pythons
  3 endoplasms
  2 giant cockroaches
  5 goblins
  5 hobgoblins
  8 jackals
  5 quokkas
  5 bats
  13 frilled lizards
  5 kobolds
  3 rats
88 creatures vanquished.

Vanquished Creatures (others)
  6 plants (D:3)
6 creatures vanquished.

Grand Total: 94 creatures vanquished

Notes
Turn   | Place    | Note
-------+----------+-------------------------------------------
     0 | D:1      | vineage the Gargoyle Fighter began the quest for the Orb.
     0 | D:1      | Reached XP level 1. HP: 14/14 MP: 1/1
   317 | D:1      | Reached XP level 2. HP: 17/20 MP: 2/2
   590 | D:1      | Found Xeoxat's Magic Scroll Shop.
   617 | D:1      | Reached skill level 4 in Fighting
  1352 | D:1      | Found a faded altar of an unknown god.
  1448 | D:2      | Reached XP level 3. HP: 24/24 MP: 3/3
  1635 | D:2      | Reached skill level 1 in Dodging
  1997 | D:2      | Reached XP level 4. HP: 22/30 MP: 4/4
  2141 | D:2      | Found an ancient bone altar of Kikubaaqudgha.
  2281 | D:2      | You fall into a shaft and drop 1 floor!
  2545 | D:3      | Reached skill level 5 in Fighting
  2878 | D:3      | Reached XP level 5. HP: 34/35 MP: 5/5
  2950 | D:3      | Found a runed translucent door.
  2951 | D:3      | Noticed mcbry74's ghost (amateur HOFi)
  3471 | D:3      | HP: 1/35 [mcbry74's ghost (8)]
  3476 | D:3      | Killed mcbry74's ghost
  3477 | D:3      | Reached skill level 6 in Fighting
  3477 | D:3      | Reached skill level 1 in Stealth
  3477 | D:3      | Reached XP level 6. HP: 9/41 MP: 6/6
  3971 | D:4      | Reached skill level 7 in Fighting
  3971 | D:4      | Reached XP level 7. HP: 38/48 MP: 7/7
  4239 | D:4      | Found a staircase to the Ecumenical Temple.
  4397 | Temple   | Entered the Ecumenical Temple
  4589 | Temple   | Became a worshipper of Warmaster Okawaru
  4694 | D:5      | Entered Level 5 of the Dungeon
  4716 | D:5      | Reached skill level 8 in Fighting
  4775 | D:5      | Noticed Prince Ribbit
  4789 | D:5      | HP: 2/50 [Prince Ribbit (14)]
  4790 | D:5      | Slain by Prince Ribbit

Illustrated notes

Levels and vault maps discovered:
D:1:      minmay_arrival_cross, layout_basic,
          dilly_ecumenical_altar_fadedgnrine, serial_shops, shop
D:2:      layout_basic, basic_altar
D:3:      layout_loops_cross, ebering_ghost_reflecting_pool, minmay_lizard_king
D:4:      layout_loops_ring, minmay_temple_entry_stoned_glass
D:5:      layout_loops_ring, uniq_prince_ribbit1
Temple:   mainiacjoe_temple_archimedes_tessellation

Skill      XL: |  1  2  3  4  5  6  7 |
---------------+----------------------+-----
Fighting       | 4 5 6 7 8 |  8.4
Dodging        | 1 3 |  3.3
Stealth        | 1 |  1.0
Maces & Flails | |  2.0
Armour         | |  3.2
Shields        | |  3.2

Action                   |  1- 3 |  4- 6 |  7- 9 || total
-------------------------+-------+-------+-------++-------
Melee: Flail             |   165 |   202 |     1 ||   368
       Demon whip        |       |       |    43 ||    43
  Use: Scroll            |     3 |     1 |     1 ||     5
       Potion            |       |     2 |     1 ||     3
Armor: Scale mail        |   104 |    80 |    17 ||   201
Dodge: Dodged            |   113 |   119 |    18 ||   250
Block: Buckler           |    45 |    52 |     9 ||   106

Table legend: (Time is in decaauts)
 A = Elapsed time spent in this place.
 B = Non-inter-level travel time spent in this place.
 C = Inter-level travel time spent in this place.
 D = Time resting spent in this place.
 E = Time spent auto-exploring this place.
 F = Levels seen in this place.
 G = Mean time per level.
                   A        B        C        D        E       F      G
               +--------+--------+--------+--------+--------+-----+--------+
         Total |   4908 |   4711 |    197 |      0 |   3861 |   6 |  818.0 |
       Dungeon |   4695 |   4531 |    164 |      0 |   3701 |   5 |  939.0 |
        Temple |    212 |    180 |     32 |      0 |    160 |   1 |  212.0 |
               +--------+--------+--------+--------+--------+-----+--------+

Top non-repeatable levels by time:
     D:1: 1465 daAuts
     D:3: 1372 daAuts
     D:2: 1005 daAuts
     D:4: 756 daAuts
  Temple: 212 daAuts
     D:5: 96 daAuts
